 Dungeon Crawl Stone Soup version 0.30-a0-4-ga7cffc901d (webtiles) character file.

Game seed: 10402017145524201271

40607 SkeletonJelly the Severer (level 13, -15/111 HPs)
             Began as a Minotaur Fighter on Aug 21, 2022.
             Was a High Priest of Hepliaklqana.
             Demolished by a polar bear (24 damage)
             ... on level 5 of the Lair of Beasts.
             The game lasted 00:33:18 (20542 turns).

SkeletonJelly the Severer (Minotaur Fighter)       Turns: 20542, Time: 00:33:19

Health: -15/111    AC: 16    Str: 26    XL:     13   Next: 75%
Magic:  19/19      EV:  9    Int:  5    God:    Hepliaklqana [*****.]
Gold:   1182       SH: 11    Dex: 10    Spells: 12/12 levels left

rFire   . . .      SeeInvis .    K - +3 war axe (freeze)
rCold   . . .      Faith    .    c - +1 buckler
rNeg    + . .      Spirit   .    M - +0 plate armour
rPois   .          Reflect  +    (helmet restricted)
rElec   .          Harm     .    (no cloak)
rCorr   .          Rampage  .    (no gloves)
Will    .....                    D - +0 pair of boots
Stlth   ..........               R - amulet of reflection
HPRegen 0.28/turn                I - ring of positive energy
MPRegen 0.16/turn                (no ring)

@: no status effects
A: reduced essence, horns 2, retaliatory headbutt
a: Renounce Religion, Recall Ancestor, Ancestor Identity, Transference, Idealise


You were on level 5 of the Lair of Beasts.
You worshipped Hepliaklqana.
Hepliaklqana was extremely pleased with you.
You visited 3 branches of the dungeon, and saw 17 of its levels.
You also visited: Ossuary.

You collected 1298 gold pieces.
You spent 116 gold pieces at shops.

Inventory:

Hand Weapons
 h - the +3 spear "Hell-Harrower" {vorpal, rF+ Will++ Str-2 Int-2}
   (You found it on level 4 of the Dungeon)

   It inflicts extra damage upon your enemies.
   Str:       It affects your strength (-2).
   Int:       It affects your intelligence (-2).
   rF:        It protects you from fire.
   Will:      It greatly increases your willpower.
 p - a +0 war axe of flaming
 K - a +3 war axe of freezing (weapon)
Missiles
 f - 2 throwing nets
 x - 13 poisoned darts (quivered)
 O - a curare-tipped dart
Armour
 c - a +1 buckler (worn)
 D - a +0 pair of boots (worn)
 M - a +0 plate armour (worn)
Jewellery
 o - an amulet of the acrobat
 v - a ring of willpower
 I - a ring of positive energy (left hand)
 R - an amulet of reflection (around neck)
 Z - an amulet of regeneration
Wands
 q - a wand of flame (44)
 y - a wand of polymorph (4)
 E - a wand of iceblast (14)
 G - a wand of mindburst (8)
 H - a wand of light (11)
Scrolls
 g - 18 scrolls of identify
 j - 4 scrolls of torment
 m - 10 scrolls of teleportation
 r - a scroll of noise
 s - 3 scrolls of vulnerability
 t - 3 scrolls of enchant armour
 w - 4 scrolls of enchant weapon
 B - a scroll of magic mapping
 C - 2 scrolls of silence
 F - a scroll of immolation {unknown}
 N - a scroll of fear {unknown}
 P - a scroll of amnesia
 Q - 2 scrolls of summoning
 S - 2 scrolls of blinking
 V - 5 scrolls of poison
 W - 2 scrolls of fog {unknown}
 X - a scroll of brand weapon {unknown}
Potions
 a - a potion of resistance {unknown}
 d - 5 potions of might
 e - 4 potions of mutation
 i - 6 potions of curing
 k - 2 potions of attraction {unknown}
 l - 3 potions of haste {unknown}
 n - 3 potions of berserk rage
 u - 5 potions of brilliance {unknown}
 z - 3 potions of heal wounds
 A - 4 potions of degeneration {unknown}
 J - 4 potions of flight {unknown}
 L - a potion of cancellation {unknown}
 U - a potion of magic {unknown}
Miscellaneous
 b - a condenser vane
 Y - a phantom mirror


   Skills:
 + Level 14.1 Fighting
 - Level 16.0 Axes
 - Level 12.0 Armour
 - Level 8.0 Dodging
 - Level 8.0 Shields
 + Level 10.0 Invocations


You had 12 spell levels left.
You didn't know any spells.
Your spell library contained the following spells:

 Spells                   Type           Power      Damage    Failure   Level
 Freeze                   Ice            0%         1d3       99%         1
 Poisonous Vapours        Pois/Air       0%         N/A       100%        2
 Static Discharge         Conj/Air       0%         3-3/arc   100%        2
 Dazzling Flash           Conj/Hex       0%         N/A       100%        3
 Frozen Ramparts          Ice            0%         1d1       100%        3
 Gell's Gravitas          Tloc           0%         N/A       100%        3
 Lesser Beckoning         Tloc           0%         N/A       100%        3
 Ozocubu's Armour         Ice            0%         N/A       100%        3
 Teleport Other           Tloc           0%         N/A       100%        3
 Corpse Rot               Necr/Pois/Air  0%         N/A       100%        4
 Hailstorm                Conj/Ice       0%         3d3       100%        4
 Petrify                  Tmut/Erth      0%         N/A       100%        4
 Summon Ice Beast         Ice/Summ       0%         N/A       100%        4
 Agony                    Necr           0%         N/A       100%        5
 Lightning Bolt           Conj/Air       0%         1d11      100%        5
 Metabolic Englaciation   Hex/Ice        0%         N/A       100%        5
 Silence                  Hex/Air        0%         N/A       100%        5
 Summon Mana Viper        Hex/Summ       0%         N/A       100%        5
 Statue Form              Tmut/Erth      0%         N/A       100%        6
 Monstrous Menagerie      Summ           0%         N/A       100%        7
 Ozocubu's Refrigeration  Ice            0%         4d7       100%        7
 Maxwell's Capacitive Co  Air            0%         ∞         100%        8


Dungeon Overview and Level Annotations

Branches:
Dungeon (11/15)            Temple (1/1) D:7            Lair (5/5) D:11
  Swamp (0/4) Lair:2       Spider (0/4) Lair:2        Slime (0/5) Lair:4
    Orc (0/2) D:10        Ossuary (visited)

Altars:
Ashenzari
Cheibriados
Dithmenos
Elyvilon
Fedhas
Gozag
Hepliaklqana
Kikubaaqudgha
Makhleb
Nemelex Xobeh
Okawaru
Qazlal
Ru
Sif Muna
Trog
Uskayaw
Vehumet
Wu Jian
Xom
Yredelemnul
Zin
The Shining One
Jiyva

Shops:
D:3 (   D:9 ?:(

Annotations:
D:4 3 runed translucent doors, Zonian's ghost, amateur VSIE
D:6 2 transporters, greenreed's ghost, novice DEAM


Innate Abilities, Weirdness & Mutations

Your life essence is reduced to manifest your ancestor. (-10% HP)
You have a pair of horns on your head.
You reflexively headbutt those who attack you in melee.


Message History

The polar bear closely misses you. You furiously retaliate!
You headbutt the polar bear.
The polar bear claws you but does no damage.
You block the polar bear's attack.
Your Invocations skill increases to level 10!
You hit the polar bear. You headbutt the polar bear.
The polar bear is moderately wounded.
You closely miss the polar bear. You headbutt the polar bear!
The polar bear is heavily wounded.
You block the polar bear's attack.
The polar bear claws you but does no damage. x2
A polar bear comes into view.
A boulder beetle comes into view.
You slice the polar bear!! You freeze the polar bear.
You headbutt the polar bear, but do no damage.
The polar bear is almost dead.
The polar bear goes berserk!
You hit the polar bear.
You kill the polar bear!
Mbali gestures at the hell hound while chanting.
The hell hound resists with significant effort.
You swap places.
The boulder beetle curls into a ball and begins rolling!
You block the hell hound's attack.
You barely miss the hell hound. You block the hell hound's attack.
You barely miss the hell hound.
Mbali points at the hell hound and mumbles some strange words.
The hell hound resists with significant effort.
You block the hell hound's attack.
You slash the hell hound! You freeze the hell hound!
Your headbutt misses the hell hound.
The hell hound is almost dead.
The hell hound breathes flames at you. The blast of flame hits you!
Mbali hits the hell hound but does no damage.
You take 14 damage, and have 59/111 hp.
You barely miss the hell hound.
The hell hound is almost dead.
You hit the boulder beetle but do no damage.
You block the boulder beetle's attack.
The boulder beetle stops rolling and uncurls.
The hell hound bites you!
Mbali hits the hell hound with a +0 dagger of draining.
Mbali closely misses the hell hound.
You take 8 damage, and have 51/111 hp.
You slice the hell hound!! You freeze the hell hound.
You kill the hell hound!
You hit the polar bear. You hit the boulder beetle.
You freeze the boulder beetle.
The boulder beetle bites you but does no damage.
The polar bear bites you.
The polar bear claws you but does no damage. x2
Mbali hits the boulder beetle but does no damage.
You take 3 damage, and have 48/111 hp.
You hit the polar bear.
The polar bear is lightly wounded.
You hit the boulder beetle but do no damage.
Mbali hits the boulder beetle but does no damage.
Mbali drains the boulder beetle.
You block the boulder beetle's attack. You block the polar bear's attack.
The polar bear claws you but does no damage. x2
Mbali hits the boulder beetle with a +0 dagger of draining!
MP restored: 19 You hit the boulder beetle.
You freeze the boulder beetle.
You headbutt the boulder beetle, but do no damage.
The boulder beetle is moderately wounded.
You hit the polar bear but do no damage.
Mbali points at the boulder beetle and mumbles some strange words.
The boulder beetle seems to slow down.
You hit the polar bear. You headbutt the polar bear!
The polar bear is heavily wounded.
You hit the boulder beetle. You freeze the boulder beetle.
The polar bear closely misses you. You furiously retaliate!
You headbutt the polar bear! The polar bear barely misses you.
The polar bear claws you but does no damage.
The boulder beetle bites you!!
* * * LOW HITPOINT WARNING * * *
Mbali barely misses the boulder beetle.
You take 19 damage, and have 29/111 hp.
You hit the boulder beetle but do no damage.
The boulder beetle is moderately wounded.
You completely miss the polar bear.
The polar bear goes berserk!
Mbali hits the boulder beetle but does no damage.
You completely miss the boulder beetle. You headbutt the boulder beetle!
The boulder beetle is heavily wounded.
You hit the polar bear but do no damage.
The polar bear completely misses you. You furiously retaliate!
You headbutt the polar bear, but do no damage.
The polar bear barely misses you. The polar bear claws you.
* * * LOW HITPOINT WARNING * * *
Mbali hits the boulder beetle with a +0 dagger of draining!
The boulder beetle bites you!
* * * LOW HITPOINT WARNING * * *
Mbali hits the boulder beetle but does no damage.
Mbali drains the boulder beetle.
You take 20 damage, and have 9/111 hp.
You completely miss the polar bear.
The polar bear is severely wounded.
You hit the boulder beetle but do no damage.
The polar bear bites you!!
You die...

# [ ######## ### ..
#.#..#P##########..
... #)...#.##.#.#.#...
...###..†.#.#.........
##......††#†.....†.#..
#..##...†#.†..#...#.##
#..##.(.###..#######
#..@R### #..# #..h.B#
#..... #?....##
###.... #......
##..... ##..... ##.#.
#...=.# ## .#.#.##
##.#.##


You could see the friendly Mbali the hexer, a boulder beetle (slow, drained,
ally target) and a polar bear (berserk).

Vanquished Creatures
  2 hydras
  2 boulder beetles (D:10)
  A centaur warrior (D:10)
  A two-headed ogre (D:10)
  2 death yaks (Lair:4)
  2 ugly things
  An elephant (Lair:2)
  A cyclops (D:11)
  Joseph (D:8)
  6 cane toads
  A torpor snail (Lair:3)
  A kobold demonologist (D:11)
  3 komodo dragons
  5 rime drakes
  5 trolls
  7 polar bears
  A hornet (D:10)
  A tarantella (shapeshifter) (D:8)
  8 blink frogs
  A dream sheep (Lair:2)
  A spriggan (Lair:2)
  3 culicivoras (Lair:2)
  5 wyverns
  Eustachio (D:5)
  37 yaks
  A steam dragon (D:7)
  Menkaure (D:5)
  A swamp worm (Lair:2)
  2 wargs (Lair:5)
  6 hell hounds (Lair:5)
  8 water moccasins
  10 orc warriors
  5 sky beasts
  2 ice beasts
  15 black bears
  6 ogres (D:7)
  12 wolves
  7 centaurs
  An elf zombie (Ossuary)
  3 kobold brigands
  4 necrophages
  13 bullfrogs
  2 gnoll sergeants (D:7)
  6 scorpions
  18 wights
  4 killer bees (D:11)
  10 howler monkeys
  A centaur zombie (Ossuary)
  12 hounds
  4 gnoll boudas (D:7)
  3 jellies
  20 orc priests
  Ijyb (D:3)
  4 iguanas
  16 orc wizards
  2 mummies (Ossuary)
  19 gnolls
  8 adders
  3 shadow imps
  5 ufetubi
  2 adder zombies (Ossuary)
  2 worms
  52 orcs
  9 endoplasms
  6 giant cockroaches (D:1)
  8 goblins
  8 hobgoblins
  8 jackals
  13 kobolds
  4 quokkas
  9 ball pythons
  4 bats
  2 frilled lizards
  2 goblin zombies (Ossuary)
  10 hobgoblin zombies (Ossuary)
  3 jackal zombies (Ossuary)
  10 kobold zombies (Ossuary)
  7 orc zombies (Ossuary)
  3 rats
  A rat zombie (Ossuary)
  A plant (Lair:2)
498 creatures vanquished.

Vanquished Creatures (collateral kills)
  3 hydras
  A death yak (Lair:4)
  2 cane toads
  2 komodo dragons
  3 polar bears (Lair:5)
  3 blink frogs
  A raiju (Lair:5)
  A spriggan (Lair:2)
  2 yaks
  2 basilisks
  A warg (Lair:5)
  A black bear (Lair:5)
  A wolf (Lair:3)
  2 bullfrogs (D:11)
  2 killer bees (D:11)
  An orc (D:9)
28 creatures vanquished.

Vanquished Creatures (others)
  A jelly (D:7)
  An orc wizard (D:8)
  3 bushes (Lair:5)
  63 fungi
  137 plants
205 creatures vanquished.

Grand Total: 731 creatures vanquished

Notes
Turn   | Place    | Note
-------+----------+-------------------------------------------
     0 | D:1      | SkeletonJelly the Minotaur Fighter began the quest for the
                  | Orb.
     0 | D:1      | Reached XP level 1. HP: 19/19 MP: 0/0
    37 | D:1      | Reached skill level 3 in Axes
    38 | D:1      | Reached XP level 2. HP: 18/27 MP: 1/1
   564 | D:1      | Reached XP level 3. HP: 26/33 MP: 2/2
   793 | D:1      | Found a faded altar of an unknown god.
   936 | D:2      | Reached skill level 4 in Axes
  1221 | D:2      | Found a shimmering altar of Xom.
  1603 | D:3      | Reached XP level 4. HP: 40/41 MP: 3/3
  1724 | D:3      | Found Taed Ulioru's Weapon Boutique.
  1734 | D:3      | Bought a +0 war axe of flaming for 116 gold pieces
  2120 | D:3      | Reached skill level 5 in Axes
  2182 | D:3      | Found a snail-covered altar of Cheibriados.
  2298 | D:3      | Noticed Ijyb
  2305 | D:3      | Killed Ijyb
  2496 | D:4      | Reached XP level 5. HP: 36/47 MP: 4/4
  2500 | D:4      | Reached skill level 5 in Fighting
  2684 | D:4      | Reached skill level 6 in Axes
  2835 | D:4      | Found a runed translucent gate.
  2835 | D:4      | Found a runed translucent gate.
  2835 | D:4      | Found a runed translucent gate.
  2840 | D:4      | Identified the +3 spear "Hell-Harrower" {vorpal, rF+ Will++
                  | Str-2 Int-2}
  2842 | D:4      | Reached XP level 6. HP: 56/56 MP: 5/5
  2941 | D:4      | Found a sand-covered staircase.
  2962 | Ossuary  | Entered an ossuary
  3164 | Ossuary  | Reached skill level 7 in Axes
  3669 | D:4      | Noticed Zonian's ghost (amateur VSIE)
  3692 | D:4      | Reached XP level 7. HP: 54/63 MP: 6/6
  3938 | D:5      | Entered Level 5 of the Dungeon
  4002 | D:5      | Reached skill level 8 in Axes
  4014 | D:5      | Noticed Menkaure
  4019 | D:5      | Killed Menkaure
  4220 | D:5      | Reached skill level 9 in Axes
  4403 | D:5      | Reached XP level 8. HP: 73/73 MP: 7/7
  4431 | D:5      | Noticed Eustachio
  4445 | D:5      | Killed Eustachio
  5056 | D:6      | Reached skill level 10 in Axes
  5056 | D:6      | Found a shimmering blue altar of Sif Muna.
  5198 | D:6      | Reached skill level 11 in Axes
  5263 | D:6      | Reached XP level 9. HP: 40/82 MP: 8/8
  5575 | D:6      | Reached skill level 12 in Axes
  5622 | D:6      | Found a transporter.
  5627 | D:6      | Noticed greenreed's ghost (novice DEAM)
  5720 | D:6      | Found a hide-covered altar of Uskayaw.
  6300 | D:6      | Found a transporter.
  6484 | D:7      | Reached skill level 13 in Axes
  6505 | D:7      | Reached skill level 10 in Fighting
  6959 | D:7      | You fall into a shaft and drop 3 floors!
  6959 | D:10     | Entered Level 10 of the Dungeon
  6985 | D:10     | Noticed a boulder beetle
  7145 | D:10     | Noticed a two-headed ogre
  7149 | D:10     | Killed a two-headed ogre
  7150 | D:10     | Reached skill level 14 in Axes
  7150 | D:10     | Reached XP level 10. HP: 88/94 MP: 9/9
  7293 | D:10     | Killed a boulder beetle
  7303 | D:10     | Found a glowing golden altar of the Shining One.
  7311 | D:10     | Noticed a centaur warrior
  7319 | D:10     | Killed a centaur warrior
  7320 | D:10     | Reached skill level 15 in Axes
  7704 | D:10     | Noticed a boulder beetle
  7724 | D:10     | HP: 4/96 [boulder beetle (5)]
  7727 | D:10     | Killed a boulder beetle
  8143 | D:9      | Found a shadowy altar of Dithmenos.
  8421 | D:10     | Found a staircase to the Orcish Mines.
  8446 | D:10     | Reached skill level 16 in Axes
  8659 | D:10     | Noticed a purple ugly thing
  8674 | D:9      | Reached skill level 5 in Shields
  8680 | D:9      | Reached XP level 11. HP: 27/104 MP: 10/10
  9416 | D:7      | Found a staircase to the Ecumenical Temple.
  9436 | Temple   | Entered the Ecumenical Temple
  9937 | Temple   | Became a worshipper of Hepliaklqana the Forgotten
 10572 | D:7      | Reached skill level 5 in Armour
 11895 | D:8      | Reached * piety under Hepliaklqana
 12167 | D:8      | Noticed Joseph
 12170 | D:8      | Killed Joseph
 12377 | D:9      | Reached skill level 10 in Armour
 12556 | D:9      | Found Denuif's Magic Scroll Shop.
 13032 | D:9      | Found Egit's Antique Weapon Shoppe.
 13090 | D:9      | Reached ** piety under Hepliaklqana
 13091 | D:9      | Remembered your ancestor Mbali as a hexer
 13212 | D:9      | Found Relir's Book Shop.
 13344 | D:10     | Killed a purple ugly thing
 13891 | D:11     | Noticed a purple ugly thing
 13897 | D:11     | Killed a purple ugly thing
 13934 | D:11     | Reached XP level 12. HP: 79/100 MP: 11/11
 13981 | D:11     | Found a staircase to the Lair.
 14013 | D:11     | Reached skill level 1 in Dodging
 14464 | D:11     | Reached *** piety under Hepliaklqana
 14900 | Lair:1   | Entered Level 1 of the Lair of Beasts
 14913 | Lair:1   | Reached skill level 1 in Invocations
 14935 | Lair:1   | Noticed a six-headed hydra
 14942 | Lair:1   | Killed a two-headed hydra
 15404 | Lair:1   | Reached skill level 5 in Dodging
 16073 | Lair:2   | Reached skill level 5 in Invocations
 16409 | Lair:2   | Reached **** piety under Hepliaklqana
 16487 | Lair:2   | Found a shimmering blue altar of Sif Muna.
 16767 | Lair:2   | You fall into a shaft and drop 2 floors!
 16920 | Lair:2   | Found a hole to the Spider Nest.
 17121 | Lair:2   | Found a staircase to the Swamp.
 17833 | Lair:3   | Reached ***** piety under Hepliaklqana
 17931 | Lair:3   | Found a runed translucent door.
 18098 | Lair:3   | Noticed a seven-headed hydra
 18233 | Lair:3   | Killed a three-headed hydra
 18234 | Lair:3   | Reached XP level 13. HP: 48/106 MP: 17/17
 19299 | Lair:4   | Found a viscous altar of Jiyva.
 19299 | Lair:4   | Found a staircase to the Slime Pits.
 19947 | Lair:5   | Entered Level 5 of the Lair of Beasts
 20527 | Lair:5   | Reached skill level 10 in Invocations
 20542 | Lair:5   | Demolished by a polar bear

Illustrated notes

Levels and vault maps discovered:
D:1:      dpeg_arrival_prison, layout_rooms,
          shapermc_ecumenical_altar_hornbeckon
D:2:      layout_basic, basic_altar, minmay_misc_feat_hallway,
          kennysheep_generic_room_9
D:3:      layout_basic, mainiacjoe_overflow_24_doors, serial_shops,
          nicolae_shop_bloodbath_and_beyond, guppyfry_early_orc_mine, uniq_ijyb
D:4:      layout_loops_ring, ebering_ghost_rock_garden,
          nicolae_ossuary_entry_false_entrances
D:5:      layout_basic, serial_rivers, chequers_serial_rivers_large_a,
          chequers_serial_rivers_micro_d, chequers_serial_rivers_micro_a,
          chequers_serial_rivers_marsh, chequers_serial_rivers_micro_e,
          uniq_eustachio, uniq_menkaure
D:6:      layout_basic, mainiacjoe_overflow_chevrons,
          mainiacjoe_overflow_concentric_impassable, gammafunk_ghost_stat_death,
          minmay_alternating_orb
D:7:      lemuel_castle_with_subvaults [lemuel_castle_interior_carwin_3],
          layout_rooms, minmay_temple_entry_statues_fountains
D:8:      cheibrodos_fzero, layout_loops_corners,
          hangedman_abyss_or_decor_lesser_grid, uniq_joseph
D:9:      minmay_goldmine, layout_irregular_city, mainiacjoe_overflow_boulevard,
          serial_shops, kennysheep_mini_moat, nicolae_shop_stone,
          kennysheep_mini
D:10:     minmay_diamond_stairs, layout_gridville, tso_metal_star, david_orc_3
D:11:     layout_stronghold, due_lair_maze_entry_diamond, lemuel_flamethrower_2
Temple:   minmay_temple_bridge_d
Lair:1:   layout_chaotic_city
Lair:2:   wad_woods_stonehenge, layout_regular_city, minmay_swamp_entry_worms,
          hellmonk_spider_entry_life_and_decay
Lair:3:   layout_regular_city, pf_torpor_hydra, grunt_megastairs_2
Lair:4:   beast_lair_carwin_large_1, layout_gridlike, dpeg_slime_entry_enclosed
Lair:5:   wormcave, layout_long_grid, hangedman_lair_caniforms_friends,
          st_stairs_6, grunt_forest_large_clearing_hut

Skill      XL: |  1  2  3  4  5  6  7  8  9 10 11 12 13 |
---------------+----------------------------------------+-----
Axes           | 3 4 5 6 7 9 11 14 16 | 16.0
Fighting       | 4 5 6 7 8 10 12 14 | 14.1
Shields        | 6 8 |  8.0
Armour         | 11 12 | 12.0
Dodging        | 8 |  8.0
Invocations    | 7 10 | 10.0

Action                   |  1- 3 |  4- 6 |  7- 9 | 10-12 | 13-15 || total
-------------------------+-------+-------+-------+-------+-------++-------
Melee: War axe           |    83 |   161 |   217 |   585 |   211 ||  1257
       Headbutt          |     7 |    26 |    35 |   132 |    50 ||   250
Throw: Throwing net      |       |       |       |     1 |       ||     1
Invok: Ancestor Life: He |       |       |       |     1 |       ||     1
       Recall Ancestor   |       |       |       |     1 |     1 ||     2
       Idealise          |       |       |       |       |     1 ||     1
Evoke: Wand              |       |       |     4 |       |       ||     4
  Use: Scroll            |       |     5 |       |     8 |       ||    13
       Potion            |       |       |       |     3 |       ||     3
 Stab: Confused          |       |       |       |     4 |     2 ||     6
       Distracted        |       |       |       |     1 |     5 ||     6
Armor: Scale mail        |    46 |    61 |    78 |    18 |       ||   203
       Plate armour      |       |       |       |   135 |    67 ||   202
Dodge: Dodged            |    40 |    63 |   133 |   172 |    55 ||   463
Block: Buckler           |    25 |    34 |    49 |   174 |    94 ||   376
       Reflection        |       |       |       |     6 |       ||     6

Table legend: (Time is in decaauts)
 A = Elapsed time spent in this place.
 B = Non-inter-level travel time spent in this place.
 C = Inter-level travel time spent in this place.
 D = Time resting spent in this place.
 E = Time spent auto-exploring this place.
 F = Levels seen in this place.
 G = Mean time per level.
                   A        B        C        D        E       F      G
               +--------+--------+--------+--------+--------+-----+--------+
         Total |  20425 |  19739 |    686 |   1131 |  15284 |  18 | 1134.7 |
       Dungeon |  13829 |  13449 |    380 |   1031 |   9878 |  11 | 1257.2 |
        Temple |    573 |    426 |    147 |      0 |    414 |   1 |  573.0 |
          Lair |   5544 |   5385 |    159 |    100 |   4655 |   5 | 1108.8 |
       Ossuary |    477 |    477 |      0 |      0 |    337 |   1 |  477.0 |
               +--------+--------+--------+--------+--------+-----+--------+

Top non-repeatable levels by time:
    D:10: 2122 daAuts
     D:6: 1729 daAuts
     D:9: 1624 daAuts
  Lair:4: 1451 daAuts
     D:7: 1342 daAuts
  Lair:2: 1325 daAuts
     D:8: 1209 daAuts
  Lair:3: 1203 daAuts
    D:11: 1160 daAuts
     D:5: 1107 daAuts
  Lair:1: 1061 daAuts
     D:3: 1040 daAuts
     D:4: 987 daAuts
     D:1: 949 daAuts
  Temple: 573 daAuts
